 Dungeon Crawl Stone Soup version 0.28.0 (console) character file.

Game seed: 14028785315997979558

41 ryathie the Skirmisher (level 3, 0/32 HPs)
             Began as a Palentonga Fighter on Feb 9, 2022.
             Succumbed to an adder's poison
             ... on level 3 of the Dungeon.
             The game lasted 00:03:39 (1753 turns).

ryathie the Skirmisher (Palentonga Fighter)         Turns: 1753, Time: 00:03:39

Health: 0/32       AC:  6    Str: 18 (21) XL:     3   Next: 32%
Magic:  12/12      EV:  7    Int:  6 (8)  God:
Gold:   44         SH:  3    Dex:  7 (9)  Spells: 2/2 levels left

rFire   . . .      SeeInvis +   a - +0 war axe
rCold   . . .      Faith    .   c - +0 buckler
rNeg    . . .      Spirit   .   b - +0 scale mail
rPois   .          Reflect  .   (no helmet)
rElec   .          Harm     .   (no cloak)
rCorr   +          Rampage  .   (no gloves)
Will    .....                   (no barding)
Stlth   ..........              (no amulet)
HPRegen 0.10/turn               g - ring of magical power
MPRegen 0.13/turn               k - ring of resist corrosion

@: lethally poisoned (0 -> -8), attractive, hasted, very quick
A: large, rugged brown scales 3, see invisible, deformed body, roll 1, armoured
tail
a: Rolling Charge


You were on level 3 of the Dungeon.
You visited 1 branch of the dungeon, and saw 3 of its levels.

You collected 93 gold pieces.
You spent 49 gold pieces at shops.

Inventory:

Hand Weapons
 a - a +0 war axe (weapon)
Armour
 b - a +0 scale mail (worn)
 c - a +0 buckler (worn)
Jewellery
 g - a ring of magical power (left hand)
 k - a ring of resist corrosion (right hand)
Scrolls
 e - a scroll of identify {unknown}
 f - a scroll of amnesia
 h - a scroll of blinking {unknown}
Potions
 d - a potion of might


   Skills:
 - Level 4.0 Fighting
 + Level 2.7 Axes
 - Level 2.4 Armour
 - Level 2.4 Shields


You had 2 spell levels left.
You didn't know any spells.
Your spell library contained the following spells:

 Spells                   Type           Power      Damage    Failure   Level
 Beastly Appendage        Tmut           0%         N/A       89%         1
 Poisonous Vapours        Pois/Air       0%         N/A       96%         2
 Statue Form              Tmut/Erth      0%         N/A       100%        6


Dungeon Overview and Level Annotations

Branches:
Dungeon (3/15)

Altars:

Shops:
D:1 *


Innate Abilities, Weirdness & Mutations

You are completely covered in rugged brown scales. (AC +3, +7% HP)
You have supernaturally acute eyesight. (SInv)
Armour fits poorly on your strangely shaped body.
You can roll at nearby foes to attack.
You have a long armoured tail.


Message History

You closely miss the adder.
Your tail-slap misses the adder.
The adder is moderately wounded.
You feel very sick. The adder bites you but does no damage.
The adder closely misses you.
You miss the adder.
The adder is moderately wounded.
You feel sick. You block the adder's attack.
The adder bites you but does no damage.
You hit the adder but do no damage.
The adder is moderately wounded.
You feel sick. The adder bites you. The adder barely misses you.
You hit the adder.
The adder is heavily wounded.
You feel sick. The adder bites you but does no damage.
The adder barely misses you.
You hit the adder but do no damage.
Your tail-slap misses the adder.
The adder is heavily wounded.
You feel sick. The adder bites you.
You are more poisoned.
The adder poisons you!
You barely miss the adder.
The adder is heavily wounded.
* * * LOW HITPOINT WARNING * * *
You feel very sick. The adder bites you but does no damage.
The adder bites you.
* * * LOW HITPOINT WARNING * * *
You are lethally poisoned!
The adder poisons you!
It was a potion of attraction.
You feel attractive to monsters.
* * * LOW HITPOINT WARNING * * *
You feel very sick.
The adder bites you but does no damage. x2
It was a potion of degeneration.
There was something very wrong with that liquid.
You feel weakened.
You feel dopey.
You feel clumsy.
* * * LOW HITPOINT WARNING * * *
You feel sick. You block the adder's attack.
It was a potion of haste.
You feel yourself speed up.
You die...

###.#
..#.#
#.#.#
#.#.#
#.#.#
#...#
#######..#
#......S.#
#######@##
#.# #.#
#.# #.#
#.# #.#
#.#
#######.#


You could see an adder.

Vanquished Creatures
  An adder (D:3)
  5 endoplasms
  A giant cockroach (D:2)
  5 goblins
  2 hobgoblins
  3 jackals (D:2)
  A kobold (D:2)
  A quokka (D:1)
  A ball python (D:2)
  4 bats
  4 frilled lizards
  2 rats
30 creatures vanquished.

Vanquished Creatures (others)
  A plant (D:1)
1 creature vanquished.

Grand Total: 31 creatures vanquished

Notes
Turn   | Place    | Note
-------+----------+-------------------------------------------
     0 | D:1      | ryathie the Palentonga Fighter began the quest for the Orb.
     0 | D:1      | Reached XP level 1. HP: 19/19 MP: 1/1
   346 | D:1      | Reached XP level 2. HP: 25/25 MP: 2/2
   505 | D:1      | Found Vuatzof's Assorted Antiques.
   514 | D:1      | Bought a scroll labelled CADYNLY YFUYD for 26 gold pieces
   514 | D:1      | Bought a black potion for 23 gold pieces
   606 | D:1      | Found a faded altar of an unknown god.
   906 | D:2      | Reached skill level 4 in Fighting
  1273 | D:2      | Reached XP level 3. HP: 32/32 MP: 3/3
  1478 | D:2      | Got Eringya's Volume of Intoxication and Transformation
  1753 | D:3      | Succumbed to an adder's poison

Illustrated notes

Levels and vault maps discovered:
D:1:      lightli_arrival_flooded_house, layout_rooms,
          shapermc_ecumenical_altar_ellora, serial_shops, shop
D:2:      layout_basic, minmay_circle_x
D:3:      minmay_spotlight, layout_loops_ring, vehumet_statue,
          ebering_ghost_disaster_area, grunt_decor_cap, uniq_terence

Skill      XL: |  1  2 |
---------------+-------+-----
Fighting       | 4 |  4.0
Axes           | |  2.7
Armour         | |  2.4
Shields        | |  2.4

Action                   || total
-------------------------++-------
Melee: War axe           ||    78
       Tailslap          ||     7
 Abil: Rolling Charge    ||     1
  Use: Scroll            ||     1
       Potion            ||     3
Armor: Scale mail        ||    47
Dodge: Dodged            ||    27
Block: Buckler           ||    23
